 Dungeon Crawl Stone Soup version 0.31.0-1-g2c135a0 (webtiles) character file.

Game seed: 17635275140938112291

415 Think the Nimble (level 6, -3/42 HPs)
             Began as an Octopode Fighter on Apr 15, 2024.
             Killed by an exploding bullfrog (18 damage)
             ... ignited by their inner flame
             ... in a sewer.
             The game lasted 00:05:06 (1867 turns).

Think the Nimble (Octopode Fighter)                 Turns: 1867, Time: 00:05:07

Health: -3/42      AC:  1    Str: 15      XL:     6   Next: 91%
Magic:  6/6        EV: 22    Int:  9 (11) God:
Gold:   101        SH:  5    Dex: 19      Spells: 5/5 levels left

rFire   . . .        a - +0 long sword
rCold   . . .        b - +0 buckler
rNeg    . . .        (helmet currently unavailable)
rPois   .            (no amulet)
rElec   .            d - +6 ring of dexterity
rCorr   .            o - ring of see invisible
SInv    +            (no ring)
Will    .....        (no ring)
Stlth   ++++         (no ring)
HPRegen 0.27/turn    (no ring)
MPRegen 0.10/turn    (no ring)
                     (no ring)

%: no passive effects
@: beast-form
A: beast (slay +0), almost no armour, amphibious, 8 rings, camouflage 1,
gelatinous body 1, nimble swimmer 1, tentacles
a: Begin Untransformation


You were in a sewer.
You were a hulking beast.
You visited 1 branch of the dungeon, and saw 3 of its levels.
You also visited: Sewer.

You collected 101 gold pieces.

Inventory:

Hand Weapons
 a - a +0 long sword (weapon)
 l - the +7 mace "Ruom" {venom, Will++ Int+2}
   (You found it on level 2 of the Dungeon)

   Int+2:     It affects your intelligence (+2).
   Will++:    It greatly increases your willpower.
Missiles
 j - 6 poisoned darts (quivered)
Armour
 b - a +0 buckler (worn)
Jewellery
 d - a +6 ring of dexterity (left tentacle)
 o - a ring of see invisible (right tentacle)
Talismans
 n - a beast talisman (active)
Scrolls
 c - a scroll of butterflies {unknown}
 g - a scroll of identify
 h - a scroll of acquirement
 s - a scroll of fog
 v - a scroll of noise {unknown}
Potions
 e - a potion of resistance {unknown}
 f - a potion of magic {unknown}
 i - a potion of enlightenment {unknown}
 p - a potion of attraction {unknown}
 r - a potion of brilliance {unknown}
 t - a potion of invisibility {unknown}


   Skills:
 + Level 3.0 Fighting
 * Level 2.0 Long Blades
 * Level 13.3 Dodging
 + Level 3.0 Shields


You had 5 spell levels left.
You didn't know any spells.
Your spell library was empty.

Dungeon Overview and Level Annotations

Branches:
Dungeon (3/15)              Sewer (1/1)

Altars:

Shops:
D:1 (


Innate Abilities, Weirdness & Mutations

You are a hulking beast.
Your limbs bulge with bestial killing power. (Slay +0)
You cannot wear most types of armour.
You are amphibious.
You can wear up to eight rings at the same time.
Your skin changes colour to match your surroundings (Stealth+).
Your rubbery body absorbs attacks. (AC +1, EV +1)
You are camouflaged when in or above water. (Stealth+)
You have tentacles for arms and can constrict up to eight enemies at once.


Message History

The bullfrog closely misses you. You block the bullfrog's attack.
The adder completely misses you. The bullfrog hits you.
As you read the scroll labelled REW YNGEMO, it crumbles to dust.
The creatures around you are filled with an inner flame!
It was a scroll of immolation.
You block the ball python's attack. The ball python grabs you.
The ball python constricts you. The bullfrog misses you.
You block the bullfrog's attack. The adder barely misses you.
The ball python barely misses you. The ball python constricts you.
You escape the ball python's grasp.
The bullfrog attacks as it pursues you! The bullfrog hits you.
The bullfrog closely misses you. The bullfrog completely misses you.
You block the bullfrog's attack. The bullfrog closely misses you.
You enter the shallow water.
The ball python bites you. The ball python completely misses you.
The bullfrog hits you. The bullfrog attacks as it pursues you!
The bullfrog barely misses you. x2
The bullfrog attacks as it pursues you! You block the bullfrog's attack. x2
The bullfrog barely misses you. The adder completely misses you.
You completely miss the bullfrog. You grab the bullfrog.
You constrict the bullfrog.
Flame seeps out of the bullfrog.
The bullfrog is engulfed in blazing flames.
Flame seeps out of the bullfrog.
The bullfrog hits you. x2
You block the adder's attack.
The bullfrog is engulfed in blazing flames.
Flame seeps out of the bullfrog.
The bullfrog closely misses you. The bullfrog misses you.
The ball python closely misses you. The ball python misses you.
Okay, then.
As you read the scroll labelled ZAQIH CUMUDUA, it crumbles to dust.
You assume a fearsome visage.
The ball python looks frightened!
The frilled lizard looks frightened!
The adder looks frightened!
The bullfrog looks frightened! x2; It was a scroll of fear.
You constrict the bullfrog.
Flame seeps out of the bullfrog.
The bullfrog is engulfed in blazing flames.
The bullfrog explodes!
The fiery explosion engulfs the adder!!!
The fiery explosion engulfs the bullfrog!!
The fiery explosion engulfs the frilled lizard!!
The fiery explosion engulfs you!!
You die...

##......##'##......##
#......##..###......#
##....###..# #.†...##
#~≈~~~~##### #~†††~~#
#~≈~~≈≈# #≈≈≈†≈≈#
#≈~~~≈≈# #≈~~~≈≈#
#≈≈~~≈≈# #~≈≈≈≈≈#
#≈≈~~~≈# #~~~~≈≈#
#≈≈§§h≈# ##....##
#≈~§°§S# #≈..(..#
#≈.§§§≈# #≈....≈#
#~.≈≈≈≈# #≈≈~~~~#
#≈~#≈§§# #≈≈≈≈≈~#
#≈≈~§§§# #≈~~~~≈#
#§§§§§§# #≈≈~≈~≈#
#§§§§§≈# #≈~≈≈≈≈#
#§§§§§~# #≈~≈≈≈≈#


You could see a ball python (inner flame, fleeing).

Vanquished Creatures
  2 bullfrogs (Sewer)
  Terence (D:2)
  3 river rats
  11 adders
  5 ribbon worms
  An orc (D:2)
  8 ball pythons
  2 bats
  4 endoplasms
  3 goblins
  3 hobgoblins (D:2)
  A quokka (D:2)
  5 frilled lizards
  4 kobolds
  26 rats
79 creatures vanquished.

Notes
Turn   | Place    | Note
-------+----------+-------------------------------------------
     0 | D:1      | Think the Octopode Fighter began the quest for the Orb.
     0 | D:1      | Reached XP level 1. HP: 16/16 MP: 1/1
   140 | D:1      | Found Qasm's Antique Weapon Boutique.
   495 | D:2      | Reached XP level 2. HP: 12/21 MP: 2/2
   640 | D:2      | Identified the +7 mace "Ruom" {venom, Will++ Int+2}
   703 | D:2      | Reached skill level 4 in Dodging
   786 | D:2      | Reached XP level 3. HP: 26/26 MP: 3/3
  1104 | D:2      | Noticed Terence
  1113 | D:2      | Killed Terence
  1114 | D:2      | Reached XP level 4. HP: 26/31 MP: 4/4
  1249 | D:3      | Reached skill level 5 in Dodging
  1345 | D:3      | Reached XP level 5. HP: 15/36 MP: 5/5
  1515 | D:3      | Found a glowing drain.
  1520 | Sewer    | Entered a sewer
  1597 | Sewer    | Reached skill level 6 in Dodging
  1854 | Sewer    | Reached skill level 13 in Dodging
  1854 | Sewer    | Reached XP level 6. HP: 6/42 MP: 6/6
  1854 | Sewer    | HP: 1/42 [adder (3)]
  1859 | Sewer    | Identified a scroll of acquirement
  1867 | Sewer    | Killed by an exploding bullfrog... ignited by their inner
                  | flame

Illustrated notes

Levels and vault maps discovered:
D:1:      saegor_arrival_simple_b, layout_basic, serial_shops, shop,
          minmay_misc_feat_enclosed, minivault_4
D:2:      layout_rooms, minmay_close_crescents, uniq_terence
D:3:      layout_basic, lightli_sewer_entry_pipes, uniq_ijyb
Sewer:    sewer_minmay_w

Skill      XL: |  1  2  3  4  5 |
---------------+----------------+-----
Dodging        | 4 5 13 | 13.3
Fighting       | |  3.0
Long Blades    | |  2.0
Shields        | |  3.0

Action                     |  1- 3 |  4- 6 || total
---------------------------+-------+-------++-------
  Melee: Long sword        |    50 |    73 ||   123
         Constrict         |    17 |    26 ||    43
         Tentacles         |    11 |    16 ||    27
         Mace              |     8 |       ||     8
    Use: Potion            |     1 |     4 ||     5
         Scroll            |       |     4 ||     4
   Stab: Sleeping          |     1 |     2 ||     3
 Armour: Skin              |    22 |    54 ||    76
  Dodge: Dodged            |    48 |    93 ||   141
  Block: Buckler           |    16 |    38 ||    54
   Form: Beast             |     1 |       ||     1
